 Dungeon Crawl Stone Soup version 0.27-a0-1612-gde56a17b89 (webtiles) character file.

Game seed: 13806182007365188183

686 bande the Skirmisher (level 7, 0/44 HPs)
             Began as a Gargoyle Fighter on July 21, 2021.
             Slain by an iguana (10 damage)
             ... on level 5 of the Dungeon.
             The game lasted 00:07:34 (5503 turns).

bande the Skirmisher (Gargoyle Fighter)             Turns: 5503, Time: 00:07:35

Health: 0/44       AC: 16    Str: 21    XL:     7   Next: 62%
Magic:  7/7        EV:  8    Int:  8    God:
Gold:   188        SH:  9    Dex: 10    Spells: 6/6 levels left

rFire    . . .     SeeInvis .   a - +0 war axe
rCold    . . .     Faith    .   c - +0 kite shield
rNeg     + . .     Spirit   .   g - +0 plate armour
rPois    ∞         Reflect  .   (no helmet)
rElec    +         Harm     .   (no cloak)
rCorr    .         Rampage  .   (no gloves)
Will     .....                  (no boots)
Stlth    ..........             m - amulet of regeneration
HPRegen  1.14/turn              n - +4 ring of evasion
MPRegen  0.10/turn              (no ring)

@: studying Throwing
A: sickness immunity, AC +4, negative energy resistance 1, electricity
resistance, torment resistance 1, petrification resistance
a: no special abilities


You were on level 5 of the Dungeon.
You visited 1 branch of the dungeon, and saw 5 of its levels.

You collected 188 gold pieces.

Inventory:

Hand Weapons
 a - a +0 war axe (weapon)
 h - a +0 flail
Missiles
 j - 3 atropa-tipped darts (quivered)
Armour
 c - a +0 kite shield (worn)
 g - a +0 plate armour (worn)
Jewellery
 m - an amulet of regeneration (around neck)
 n - a +4 ring of evasion (left hand)
Wands
 o - a wand of charming (3)
Scrolls
 b - a scroll of noise
 f - 5 scrolls of identify
 l - a scroll of teleportation
 p - a scroll of torment {unknown}
Potions
 d - 2 potions of curing
 e - a potion of haste {unknown}
 i - a potion of flight {unknown}
 k - a potion of lignification {unknown}
 q - a potion of mutation {unknown}


   Skills:
 + Level 5.3 Fighting
 + Level 5.2 Axes
 + Level 4.8 Armour
 + Level 0.8 Dodging
 + Level 4.5 Shields


You had 6 spell levels left.
You didn't know any spells.
Your spell library contained the following spells:

 Spells                   Type           Power      Damage    Failure   Level
 Ensorcelled Hibernation  Hex/Ice        0%         N/A       100%        2
 Spider Form              Tmut/Pois      0%         N/A       100%        3
 Shadow Creatures         Summ           N/A        N/A       100%        6


Dungeon Overview and Level Annotations

Branches:
Dungeon (5/15)             Temple (0/1) D:4

Altars:
Vehumet

Shops:
D:2 *(([


Innate Abilities, Weirdness & Mutations

You are immune to sickness and miasma.
Your stone body is resilient. (AC +4)
You are immune to poison.
You resist negative energy. (rN+)
You are resistant to electric shocks. (rElec)
You are resistant to unholy torment.
You are immune to petrification.


Message History

An ice beast comes into view.
Found a ring mail.
An iguana comes into view.
The iguana hisses angrily.
You block the ice beast's attack. The ice beast hits you.
The ice beast freezes you! You block the ice beast's attack.
The iguana bites you but does no damage.
You hit the iguana but do no damage. You hit the ice beast.
The ice beast hits you but does no damage.
The iguana bites you but does no damage.
You hit the ice beast but do no damage.
The ice beast is lightly wounded.
You hit the iguana but do no damage. You block the ice beast's attack.
You block the iguana's attack.
The ice beast hits you but does no damage.
The iguana bites you but does no damage.
You barely miss the ice beast.
The ice beast is lightly wounded.
You hit the iguana but do no damage. You block the ice beast's attack.
You block the iguana's attack.
You hit the ice beast.
The ice beast is lightly wounded.
You closely miss the iguana. The ice beast closely misses you.
You block the iguana's attack.
The ice beast hits you but does no damage.
You slash the ice beast!
The ice beast is heavily wounded.
You barely miss the iguana. The iguana bites you. The ice beast hits you.
The ice beast freezes you! The iguana bites you.
You slash the ice beast!
The ice beast is almost dead.
You barely miss the iguana. You block the ice beast's attack.
The iguana barely misses you. The ice beast hits you.
The ice beast freezes you!
* * * LOW HITPOINT WARNING * * *
You slash the ice beast!
You kill the ice beast!
You barely miss the iguana. The iguana bites you!
You die...

#######################
......................#
......l@..............#
......................##
..##.......#......#.....
#.......#.####.#.####
#.......#.# #.#.#
#...[...#.####.#.####
+................>....
##.......#.####.#.####
.....#.# #.#.#


You could see an iguana.

Vanquished Creatures
  Grinder (D:4)
  An ice beast (D:5)
  A scorpion (D:4)
  2 hounds (D:4)
  An orc priest (D:3)
  An iguana (D:4)
  Ijyb (D:4)
  Natasha (twice) (D:3)
  3 orc wizards
  4 gnolls
  2 adders
  4 worms
  A dart slug (D:2)
  7 orcs
  9 ball pythons
  6 endoplasms
  9 goblins
  10 hobgoblins
  8 jackals
  A quokka (D:1)
  4 bats
  4 frilled lizards
  12 kobolds
  5 rats
  2 bushes (D:4)
101 creatures vanquished.

Vanquished Creatures (others)
  7 plants (D:4)
7 creatures vanquished.

Grand Total: 108 creatures vanquished

Notes
Turn   | Place    | Note
-------+----------+-------------------------------------------
     0 | D:1      | bande the Gargoyle Fighter began the quest for the Orb.
     0 | D:1      | Reached XP level 1. HP: 14/14 MP: 1/1
   309 | D:1      | Reached XP level 2. HP: 19/19 MP: 2/2
   332 | D:1      | Found a faded altar of an unknown god.
  1104 | D:2      | Found Hucoonena's General Store.
  1321 | D:2      | Found Gecar's Antique Weapon Shoppe.
  1335 | D:2      | Found Eblebuckoa's Antique Weapon Shoppe.
  1357 | D:2      | Reached XP level 3. HP: 20/24 MP: 3/3
  1655 | D:1      | Reached XP level 4. HP: 25/29 MP: 4/4
  2115 | D:2      | Found Uhuda's Antique Armour Emporium.
  2689 | D:3      | Reached XP level 5. HP: 33/33 MP: 5/5
  3279 | D:3      | Noticed Natasha
  3286 | D:3      | Killed Natasha
  3499 | D:3      | Noticed Natasha
  3507 | D:3      | Killed Natasha
  3508 | D:3      | Reached XP level 6. HP: 18/39 MP: 6/6
  4069 | D:4      | Noticed Grinder
  4081 | D:4      | Paralysed by Grinder for 7 turns
  4090 | D:4      | Paralysed by Grinder for 7 turns
  4105 | D:4      | Paralysed by Grinder for 3 turns
  4234 | D:4      | Paralysed by Grinder for 4 turns
  4246 | D:4      | Paralysed by Grinder for 4 turns
  4254 | D:4      | Killed Grinder
  4255 | D:4      | Reached skill level 5 in Fighting
  4255 | D:4      | Reached XP level 7. HP: 24/44 MP: 7/7
  4462 | D:4      | Noticed Ijyb
  4489 | D:4      | Killed Ijyb
  4548 | D:4      | Found a staircase to the Ecumenical Temple.
  4663 | D:4      | Reached skill level 5 in Axes
  4883 | D:4      | Found a radiant altar of Vehumet.
  5035 | D:4      | Identified the +9 trident of the Twisting Pariah {venom,
                  | rElec}
  5435 | D:5      | Entered Level 5 of the Dungeon
  5503 | D:5      | Slain by an iguana

Illustrated notes

Levels and vault maps discovered:
D:1:      dpeg_arrival_boxorama, layout_basic,
          hellmonk_ecumenical_altar_lost_god, st_stairs_4
D:2:      layout_loops_ring, serial_shops, shop, shop, shop, nicolae_shop_stone
D:3:      layout_basic, corexii_shack, uniq_natasha
D:4:      layout_loops_ring, lemuel_tele_altar,
          minmay_temple_entry_purple_smoke, serial_forest,
          infiniplex_forest_clump_medium, infiniplex_forest_straight_4,
          infiniplex_forest_split, infiniplex_forest_clump_small,
          infiniplex_forest_fountain, infiniplex_forest_straight_3,
          infiniplex_forest_clump_long, infiniplex_forest_straight_3,
          infiniplex_forest_fountain, uniq_ijyb, uniq_grinder
D:5:      layout_basic, mainiacjoe_overflow_tiny_flanked,
          cheibrodos_sewer_entry_bend

Skill      XL: |  1  2  3  4  5  6  7 |
---------------+----------------------+-----
Axes           | 2 3 4 5 |  5.2
Fighting       | 4 5 |  5.3
Shields        | 4 |  4.5
Armour         | 4 |  4.8
Dodging        | |  0.8

Action                   |  1- 3 |  4- 6 |  7- 9 || total
-------------------------+-------+-------+-------++-------
Melee: War axe           |    91 |   225 |   176 ||   492
  Use: Potion            |       |     1 |       ||     1
       Scroll            |       |       |     4 ||     4
Armor: Scale mail        |    11 |       |       ||    11
       Plate armour      |    38 |   188 |    64 ||   290
Dodge: Dodged            |    22 |    35 |    31 ||    88
Block: Kite shield       |    49 |   125 |    65 ||   239

Table legend: (Time is in decaauts)
 A = Elapsed time spent in this place.
 B = Non-inter-level travel time spent in this place.
 C = Inter-level travel time spent in this place.
 D = Time resting spent in this place.
 E = Time spent auto-exploring this place.
 F = Levels seen in this place.
 G = Mean time per level.
                   A        B        C        D        E       F      G
               +--------+--------+--------+--------+--------+-----+--------+
         Total |   5770 |   5711 |     59 |   1131 |   3209 |   5 | 1154.0 |
       Dungeon |   5770 |   5711 |     59 |   1131 |   3209 |   5 | 1154.0 |
               +--------+--------+--------+--------+--------+-----+--------+

Top non-repeatable levels by time:
     D:3: 1934 daAuts
     D:1: 1432 daAuts
     D:4: 1203 daAuts
     D:2: 1129 daAuts
     D:5: 70 daAuts
